 Dungeon Crawl Stone Soup version 0.19.5 (webtiles) character file.

66 equalderp2856 the Scratcher (level 3, 0/17 HPs)
             Began as a Felid Fighter on Mar 25, 2017.
             Slain by an adder (5 damage)
             ... on level 2 of the Dungeon.
             The game lasted 00:05:06 (2067 turns).

equalderp2856 the Scratcher (Felid Fighter)         Turns: 2067, Time: 00:05:06

Health: 0/17       AC:  1    Str: 13    XL:     3   Next: 96%
Magic:  4/4        EV: 20    Int:  9    God:
Gold:   77         SH:  0    Dex: 15    Spells: 0 memorised, 2 levels left
                                        Lives:  0   Deaths: 0

rFire  . . .     SeeInvis +       - Unarmed
rCold  . . .     Gourm    .     (armour unavailable)
rNeg   . . .     Faith    .     (shield unavailable)
rPois  .         Spirit   .     (helmet unavailable)
rElec  .         Reflect  .     (cloak unavailable)
rCorr  .         Harm     .     (gloves unavailable)
MR     .....                    (boots unavailable)
Stlth  ++........               (no amulet)
                                (no ring)
                                (no ring)

@: quick
A: no armour, no weapons or thrown items, stealth, claws 1, fangs 3, see
invisible, carnivore 3, speed 1, shaggy fur 1, slow metabolism 1, sharp paws
a: no special abilities


You were on level 2 of the Dungeon.
You were not hungry.

You visited 1 branch of the dungeon, and saw 4 of its levels.

You collected 77 gold pieces.

Inventory:

Scrolls
 d - a scroll of enchant weapon {unknown}
 e - a scroll of identify {unknown}
 g - a scroll of enchant armour {unknown}
 h - a scroll of blinking {unknown}
Potions
 a - a potion of might
 c - a potion of resistance {unknown}
 j - a potion of brilliance {unknown}
Comestibles
 b - a meat ration
 f - 2 royal jellies
 i - a beef jerky


   Skills:
 + Level 3.3 Fighting
 + Level 4.7 Dodging
 + Level 1.3 Stealth
 + Level 4.8 Unarmed Combat


You had 2 spell levels left.
You didn't know any spells.

Dungeon Overview and Level Annotations

Branches:
Dungeon (4/15)
 Temple: D:4-7

Altars:

Annotations:
D:2 Robin
D:3 BunnyWarlock's ghost, weakling SpEE


Innate Abilities, Weirdness & Mutations

You cannot wear armour.
You are incapable of wielding weapons or throwing items.
Your paws allow you to move quietly. (Stealth)
You have sharp claws.
You have razor-sharp teeth.
You have supernaturally acute eyesight. (SInv)
You are carnivorous and can eat meat at any time.
You cover ground quickly.
You are covered in fur. (AC +1)
You have a slow metabolism.
Your sharp claws are effective at attacking unaware monsters.


Message History

You closely miss the adder. You bite the adder.
The adder is lightly wounded.
The adder closely misses you.
You closely miss the adder.
The adder is lightly wounded.
The adder closely misses you.
You closely miss the adder.
The adder is lightly wounded.
The adder barely misses you. The adder misses you.
You miss the adder.
The adder is lightly wounded.
The adder bites you.
* * * LOW HITPOINT WARNING * * *
You barely miss the adder.
The adder is lightly wounded.
The adder misses you.
You closely miss the adder.
The adder is lightly wounded.
The adder bites you.
You die...

.# .$# .# #!# #.. ..# .#######
#.# %. ..##.# †......#
#.#######.##. #.##.#
######†#######.#..........##.##.#
#...........#..............#
#.....(....K..###..........#
#.#######.#S### # #.##.# #.#
#.#@# #..... #.# #.#.# #..#.# #.#
#.#!# #..... #.# #.... #..#.# #.#
###.# #..#.# #.# #.. ### #..#.. #
#.? ...#..### . ### #.#.g..g .
#### #..####


You could see an adder and a kobold.

Vanquished Creatures
  A hound skeleton (D:4)
  An adder (D:2)
  An adder skeleton (D:4)
  2 worms (D:2)
  A dart slug (D:2)
  2 leopard geckos
  2 orcs
  3 bats
  2 giant cockroaches (D:1)
  8 goblins
  3 hobgoblins (D:2)
  4 rats
30 creatures vanquished.

Notes
Turn   | Place    | Note
-------+----------+-------------------------------------------
     0 | D:1      | equalderp2856 the Felid Fighter began the quest for the Orb.
     0 | D:1      | Reached XP level 1. HP: 10/10 MP: 2/2
   511 | D:2      | Reached XP level 2. HP: 14/14 MP: 3/3
   531 | D:2      | Noticed Robin
  1142 | D:3      | Noticed BunnyWarlock's ghost (weakling SpEE)
  1354 | D:4      | Reached XP level 3. HP: 17/17 MP: 4/4
  1919 | D:2      | Reached skill level 1 in Stealth
  2067 | D:2      | Slain by an adder

Skill      XL: |  1  2  3 |
---------------+----------+-----
Stealth        | 1 |  1.3
Fighting       | |  3.3
Dodging        | |  4.7
Unarmed Combat | |  4.8

Action                   || total
-------------------------++-------
Melee: Unarmed           ||    94
       Bite              ||     6
       Punch             ||     3
 Stab: Sleeping          ||     2
  Eat: Chunk             ||     3
Armor: Skin              ||     8
Dodge: Dodged            ||   115
